 Dungeon Crawl Stone Soup version 0.24.0-125-gc4c63601f3 (webtiles) character file.

Game seed: 16348429806318409973, levelgen mode: deterministic

25 Adamkad1 the Chucker (level 2, -9/28 HPs)
             Began as a Troll Hunter on Mar 13, 2020.
             Mangled by a mummy (12 damage)
             ... on level 4 of the Dungeon.
             The game lasted 00:01:36 (790 turns).

Adamkad1 the Chucker (Troll Hunter)                  Turns: 790, Time: 00:01:37

Health: -9/28      AC: 10    Str: 19    XL:     2   Next: 82%
Magic:  1/1        EV: 10    Int:  7    God:
Gold:   65         SH:  0    Dex: 10    Spells: 1/1 levels left

rFire    . . .     SeeInvis .   (no weapon)
rCold    . . .     Gourm    +   (no shield)
rNeg     . . .     Faith    .   b - +1 robe
rPois    .         Spirit   .   (helmet restricted)
rElec    .         Reflect  .   (no cloak)
rCorr    .         Harm     .   (gloves unavailable)
MR       .....                  (boots unavailable)
Stlth    +.........             (no amulet)
HPRegen  0.49/turn              h - +3 ring of protection
MPRegen  0.07/turn              (no ring)

@: lethally poisoned (-9 -> -12)
A: large, unfitting armour, claws 3, fast metabolism 3, gourmand, regeneration
1, shaggy fur 1, tough skin 3
a: no special abilities


You were on level 4 of the Dungeon.
You were very full.

You visited 1 branch of the dungeon, and saw 3 of its levels.

You collected 65 gold pieces.

Inventory:

Missiles
 c - 5 large rocks (quivered)
 d - 2 throwing nets
Armour
 b - a +1 robe (worn)
Jewellery
 h - a +3 ring of protection (left claw)
Scrolls
 a - a scroll of remove curse
 e - a scroll of teleportation {unknown}
 g - 3 scrolls of identify
 i - a scroll of enchant weapon
 k - a scroll of magic mapping {unknown}
Potions
 l - a potion of curing {unknown}
Comestibles
 f - 3 rations
 j - 4 chunks of flesh


   Skills:
 + Level 2.0 Fighting
 * Level 4.0 Throwing
 + Level 1.8 Dodging
 - Level 0.3 Stealth
 * Level 0.3 Unarmed Combat


You had one spell level left.
You didn't know any spells.
Your spell library was empty.

Dungeon Overview and Level Annotations

Branches:
Dungeon (2/15)

Altars:

Portals:
Ossuary: D:4


Innate Abilities, Weirdness & Mutations

You are too large for most types of armour.
You have claws for hands.
Your metabolism is lightning-fast.
You like to eat raw meat.
Your natural rate of healing is unusually fast.
You are covered in fur. (AC +1)
You have extremely tough skin. (AC +3)


Message History

You feel sick. The worker ant bites you.
* * * LOW HITPOINT WARNING * * *
The adder barely misses you.
You barely miss the adder.
The adder is heavily wounded.
* * * LOW HITPOINT WARNING * * *
You feel sick.
The worker ant bites you but does no damage.
The adder bites you but does no damage. The mummy barely misses you.
You miss the adder.
The adder is heavily wounded.
* * * LOW HITPOINT WARNING * * *
You feel sick. The adder closely misses you. The worker ant barely misses you.
The adder bites you but does no damage.
The worker ant bites you but does no damage.
You barely miss the adder.
The adder is heavily wounded.
* * * LOW HITPOINT WARNING * * *
You feel sick. The mummy hits you!
You die...

### #.# ..# ..# ....
#.# ### ....
#.###.... .........
###........ .
#....s...##∩M@S# ...
.#......
#.###.a##.... ......
#..##........
#....###...#..#.....
#...##.'......#.....
g..##....###...#..#
...^
..........##..##..#
###
#####......#.###..#
###+##..##.'..#


You could see a mummy, a worker ant and an adder.

Vanquished Creatures
  A worm (D:2)
  A leopard gecko (D:2)
  A bat (D:1)
  A giant cockroach (D:4)
  4 goblins
  3 hobgoblins
  2 frilled lizards
  A hobgoblin zombie (D:4)
  2 kobolds (D:1)
  A kobold zombie (D:4)
  4 rats (D:1)
21 creatures vanquished.

Notes
Turn   | Place    | Note
-------+----------+-------------------------------------------
     0 | D:1      | Adamkad1 the Troll Hunter began the quest for the Orb.
     0 | D:1      | Reached XP level 1. HP: 19/19 MP: 0/0
   415 | D:1      | Reached XP level 2. HP: 25/28 MP: 1/1
   729 | D:2      | You fall into a shaft and drop 2 floors!
   761 | D:4      | Reached skill level 4 in Throwing
   777 | D:4      | Found a sand-covered staircase.
   790 | D:4      | Mangled by a mummy

Levels and vault maps discovered:
D:1:      dpeg_arrival_shrine, layout_basic, minmay_hexomino_p4
D:2:      layout_basic, uniq_terence
D:4:      layout_basic, nicolae_ossuary_entry_giza, first_ration,
          chequers_avenue, roderic_roman_lattice, trog_butcher_becter

Skill      XL: |  1  2 |
---------------+-------+-----
Fighting       | 2 |  2.0
Throwing       | 4 |  4.0
Dodging        | |  1.8
Stealth        | |  0.3
Unarmed Combat | |  0.3

Action                   || total
-------------------------++-------
Melee: Unarmed           ||    57
  Use: Scroll            ||     4
       Potion            ||     2
  Eat: Chunk             ||    12
Armor: Robe              ||    29
Dodge: Dodged            ||    33
